 Dungeon Crawl Stone Soup version 0.17-a0-2215-g49c1de0 (webtiles) character file.

107 4thArraOfDagon the Skirmisher (level 4, -6/41 HPs)
             Began as a Minotaur Fighter on Oct 27, 2015.
             Mangled by a spriggan baker
             ... wielding a +0 dagger
              (7 damage)
             ... on level 7 of the Dungeon.
             The game lasted 00:03:46 (697 turns).

4thArraOfDagon the Skirmisher (Minotaur Fighter)     Turns: 697, Time: 00:03:46

Health: -6/41      AC:  9    Str: 20    XL:     4   Next: 57%
Magic:  3/3        EV:  5    Int: 14    God:
Gold:   74         SH:  9    Dex: 10    Spells: 0 memorised, 3 levels left

rFire  . . .     SeeInvis .     a - +0 war axe
rCold  . . .     Clarity  .     n - +0 chain mail
rNeg   . . .     SustAt   .     c - +0 shield
rPois  +         Gourm    .     (helmet restricted)
rElec  .         Spirit   .     (no cloak)
rCorr  .         Warding  .     (no gloves)
rMut   .         Stasis   .     (no boots)
MR     .....                    q - amulet of rage
Stlth  ..........               m - +3 ring of intelligence
                                g - ring of poison resistance

@: brilliant, exhausted, slowed, very slow, not resistant to hostile
enchantments, extremely unstealthy
A: retaliatory headbutt, horns 2
a: Evoke Berserk Rage


You were on level 7 of the Dungeon.
You were hungry.

You visited 1 branch of the dungeon, and saw 7 of its levels.

You collected 74 gold pieces.

Inventory:

Hand Weapons
 a - a +0 war axe (weapon)
Armour
 c - a +0 shield (worn)
 n - a +0 chain mail (worn)
Jewellery
 g - a ring of poison resistance (left hand)
 m - a +3 ring of intelligence (right hand)
 q - an amulet of rage (around neck)
Scrolls
 h - 2 scrolls of identify {unknown}
Potions
 d - a potion of might
Books
 b - a book of Battle

   Spells                             Type                      Level
   a - Infusion                       Charms                       1
   b - Shroud of Golubria             Charms/Translocation         2
   c - Song of Slaying                Charms                       2
   d - Spectral Weapon                Hexes/Charms                 3
   e - Regeneration                   Charms/Necromancy            3
 j - a book of Geomancy

   Spells                             Type                      Level
   a - Sandblast                      Earth                        1
   b - Stoneskin                      Transmutation/Earth          2
   c - Passwall                       Transmutation/Earth          3
   d - Stone Arrow                    Conjuration/Earth            3
   e - Petrify                        Transmutation/Earth          4
   f - Lee's Rapid Deconstruction     Earth                        5
Comestibles
 e - 2 bread rations
 f - 2 slices of pizza
 p - a chunk of flesh


   Skills:
 + Level 4.5 Fighting
 * Level 4.4 Axes
 + Level 4.3 Armour
 - Level 3.6 Shields
 + Level 0.3 Evocations


You had 3 spell levels left.
You didn't know any spells.

Dungeon Overview and Level Annotations

Branches:
Dungeon (7/15)
 Temple: D:4-7

Altars:
Zin


Innate Abilities, Weirdness & Mutations

You reflexively headbutt those who attack you in melee.
You have a pair of horns on your head.


Message History

Unknown command.
Unknown command.
Drink which item? (? for menu, Esc to quit)
It was a potion of brilliance.
You feel clever all of a sudden. You block the spriggan baker's attack.
The spriggan baker hits you but does no damage.
Unknown command.
Read which item? (? for menu, Esc to quit)
As you read the scroll labeled SOISYD BOROJE, it crumbles to dust.
The scroll dissolves into smoke.
It was a scroll of fog.
The spriggan baker hits you with a dagger.
* * * LOW HITPOINT WARNING * * *
Unknown command.
Unknown command.
Read which item? (? for menu, Esc to quit)
As you read the scroll labeled YHUDAL EDWEZY, it crumbles to dust.
You feel blessed for a moment.
It was a scroll of remove curse.
The spriggan baker hits you with a dagger!
You die...

.###### ##
.......####§#%#
.......§§§i§.%#
....)..§§@#
.......§§§#
..)###.§#§§. ..
...##..... .
...## #.......
..## ..#..... .
.....#..
........


You could see a spriggan baker.

Vanquished Creatures
  A worker ant (D:6)
  An iguana (D:6)
  A hound skeleton (D:4)
  3 adders
  An adder skeleton (D:6)
  An orc (D:3)
  4 bats
  A giant gecko (D:3)
  A giant newt (D:5)
  2 goblins (D:3)
  2 quokkas
  A rat (D:2)
19 creatures vanquished.

Vanquished Creatures (others)
  An orc wizard (D:7)
1 creature vanquished.

Grand Total: 20 creatures vanquished

Notes
Turn   | Place    | Note
--------------------------------------------------------------
     0 | D:1      | 4thArraOfDagon the Minotaur Fighter began the quest for the Orb.
     0 | D:1      | Reached XP level 1. HP: 19/19 MP: 0/0
   157 | D:2      | Found a glowing silver altar of Zin.
   201 | D:3      | Reached XP level 2. HP: 12/27 MP: 1/1
   301 | D:3      | Reached skill level 4 in Fighting
   306 | D:3      | Reached XP level 3. HP: 31/33 MP: 2/2
   417 | D:5      | Entered Level 5 of the Dungeon
   538 | D:6      | Reached XP level 4. HP: 18/41 MP: 1/3
   678 | D:7      | Noticed a spriggan baker
   696 | D:7      | HP: 1/41 [spriggan baker/dagger (6)]
   697 | D:7      | Mangled by a spriggan baker

Vault maps used:
D:1:      kilobyte_arrival_exit_the_forest, st_stairs_13
D:2:      lemuel_crystal_altar, first_bread
D:3:      st_stairs_3, makhleb_heckhound_becter
D:4:      minitemple, minmay_temple_entry_fiery, uniq_edmund, uniq_eustachio
D:5:      slow_altar_2, serial_co_window_serial, co_window_of_opportunity_a,
          co_window_paths_a, co_window_paths_a, co_window_cross_1,
          co_window_paths_b, co_window_corner_a, co_window_paths_b,
          co_window_paths_c, co_window_2corner, co_window_corner_ca,
          co_window_broadway_b, co_window_broadway_b, co_window_paths_c,
          co_window_broadway_a, co_window_paths_e, glass_columns_b,
          glass_columns_c, glass_columns_c, glass_columns_a
D:6:      lemuel_doored_altar, due_unseen_surprise
D:7:      xom_confusion_cloud, the_bakery, uniq_duvessa

Action                   |  1- 3 |  4- 6 || total
-------------------------+-------+-------++-------
Melee: War axe           |    45 |    29 ||    74
 Abil: Evoke Berserk Rag |       |     2 ||     2
  Use: Potion            |     1 |     1 ||     2
       Scroll            |       |     2 ||     2
